 Dungeon Crawl Stone Soup version 0.31.0-11-ge490571c62 (webtiles) character file.

Game seed: 15186752571151536905

25 Gadfly the Ruffian (level 2, -3/21 HPs)
             Began as a Demonspawn Shapeshifter on Jan 27, 2024.
             Engulfed by a cloud of flame (24 damage)
             ... on level 1 of the Dungeon.
             The game lasted 00:01:01 (1111 turns).

Gadfly the Ruffian (Demonspawn Shapeshifter)        Turns: 1111, Time: 00:01:01

Health: -3/21      AC:  2    Str: 14    XL:     2   Next: 82%
Magic:  2/2        EV: 12    Int: 10    God:
Gold:   32         SH:  0    Dex: 12    Spells: 1/1 levels left

rFire   . .          .
                       - Unarmed
rCold   . . .        (no shield)
rNeg    . . .        a - +0 animal skin
rPois   .            (helmet currently unavailable)
rElec   .            e - melded +1 cloak
rCorr   .            (gloves currently unavailable)
SInv    .            (boots currently unavailable)
Will    .....        (no amulet)
Stlth   +            (no ring)
HPRegen 0.23/turn    (no ring)
MPRegen 0.08/turn

%: no passive effects
@: beast-form
A: beast (slay +1), demonic touch 1
a: Begin Untransformation


You were on level 1 of the Dungeon.
You were a hulking beast.
You visited 1 branch of the dungeon, and saw 1 of its levels.

You collected 32 gold pieces.

Inventory:

Armour
 a - a +0 animal skin (worn)
 e - a +1 cloak (melded)
Talismans
 c - a beast talisman (active)
 d - a flux talisman
Scrolls
 g - a scroll of teleportation {unknown}
 h - 3 scrolls of poison {unknown}
 i - a scroll of identify
 j - a scroll of butterflies {unknown}
 l - a scroll of noise {unknown}
 m - a scroll of vulnerability {unknown}
Potions
 b - a potion of lignification
 f - a potion of cancellation
 k - a potion of mutation {unknown}
 n - a potion of magic {unknown}


   Skills:
 + Level 1.4 Fighting
 * Level 2.1 Dodging
 + Level 2.9 Unarmed Combat
 * Level 1.1 Evocations
 + Level 2.8 Shapeshifting


You had one spell level left.
You didn't know any spells.
Your spell library was empty.

Dungeon Overview and Level Annotations

Branches:
Dungeon (1/15)

Altars:


Innate Abilities, Weirdness & Mutations

You are a hulking beast.
Your limbs bulge with bestial killing power. (Slay +1)
Your touch may inflict minor irresistible damage on your foes.


Message History

No reachable target in view!
No reachable target in view!
No reachable target in view!
No reachable target in view!
No reachable target in view!
No reachable target in view!
No reachable target in view!
No reachable target in view!
No reachable target in view!
A goblin is nearby!
A goblin is nearby!
A goblin is nearby!
No reachable target in view!
Found a scroll of identify, a scroll labelled SAUTOSUNLO and 8 gold pieces.
Found 5 gold pieces and a spear.
A goblin is nearby!
The goblin is engulfed in blazing flames.
The goblin dies!
You start waiting.
Done waiting.
Found 7 gold pieces and a quarterstaff.
You start waiting.
Done waiting.
You see here a +0 sling.
You see here a +0 sling.
Okay, then.
You start waiting.
Done waiting.
You see here a +0 sling.
You start waiting.
Done waiting.
You see here a +0 sling.
You see here a +0 sling.
You see here a +0 sling.
You start waiting.
Done waiting.
Okay, then.
You are engulfed in blazing flames.
Ouch! That really hurt!
You die...

...#......# .#.
...#.#....# ..#
.....#....# #.# #
....##....# #.# §#
....####### #?# ○§#
#...##########.#####...#
#>....#.........§☼§.$)).
#####.#.....)..)§§°.?.$.
#.#####.....h§○.?$..
#....##.##.#####...#
####.##.##.# §○#
#.##.##.# .
#..####.##.##.#
#..........##.#
#.#####.#####.. ...# #.#
#####


There were no monsters in sight!

Vanquished Creatures
  2 dart slugs (D:1)
  An endoplasm (D:1)
  A giant cockroach (D:1)
  A goblin (D:1)
  2 hobgoblins (D:1)
  3 jackals (D:1)
  A kobold (D:1)
  2 quokkas (D:1)
  A ball python (D:1)
  A bat (D:1)
  2 frilled lizards (D:1)
  2 rats (D:1)
19 creatures vanquished.

Vanquished Creatures (others)
  A goblin (D:1)
1 creature vanquished.

Grand Total: 20 creatures vanquished

Notes
Turn   | Place    | Note
-------+----------+-------------------------------------------
     0 | D:1      | Gadfly the Demonspawn Shapeshifter began the quest for the
                  | Orb.
     0 | D:1      | Reached XP level 1. HP: 15/15 MP: 1/1
   132 | D:1      | Gained mutation: Your touch may inflict minor irresistible
                  | damage on your foes. [demonic ancestry]
   132 | D:1      | Reached XP level 2. HP: 19/21 MP: 2/2
   410 | D:1      | Reached skill level 1 in Evocations
  1111 | D:1      | Engulfed by a cloud of flame

Illustrated notes

Levels and vault maps discovered:
D:1:      giann_horns, layout_basic, minmay_fountain_box, lemuel_flame_loot_1

Skill      XL: |  1  2 |
---------------+-------+-----
Dodging        | 2 |  2.1
Evocations     | 1 |  1.1
Fighting       | |  1.4
Unarmed Combat | |  2.9
Shapeshifting  | |  2.8

Action                     || total
---------------------------++-------
  Melee: Unarmed           ||    46
         Touch             ||     5
Ability: Begin Untransform ||     1
    Use: Scroll            ||     1
 Armour: Animal skin       ||    27
  Dodge: Dodged            ||    36
   Form: Beast             ||     1
